 Dungeon Crawl Stone Soup version 0.20-a0-315-g8346a86 (webtiles) character file.

1143 dondy the Cleaver (level 8, -3/64 HPs)
             Began as a Hill Orc Monk on Dec 20, 2016.
             Was a Believer of Beogh.
             Slain by Ezendos's ghost (10 damage)
             ... on level 5 of the Dungeon.
             The game lasted 00:17:46 (4859 turns).

dondy the Cleaver (Hill Orc Monk)                   Turns: 4859, Time: 00:17:46

Health: -3/64      AC:  7    Str: 16    XL:     8   Next: 37%
Magic:  12/12      EV: 12    Int: 10    God:    Beogh [**....]
Gold:   233        SH:  0    Dex: 13    Spells: 7/7 levels left

rFire  . . .     SeeInvis .     a - +0 hand axe
rCold  . . .     Gourm    .     r - +0 troll leather armour {Purgy}
rNeg   . . .     Faith    .     (no shield)
rPois  .         Spirit   .     e - +2 helmet
rElec  .         Reflect  .     (no cloak)
rCorr  .         Harm     .     (no gloves)
MR     +....                    (no boots)
Stlth  ++........               (no amulet)
                                (no ring)
                                j - ring of protection from magic

@: no status effects
A: no striking features
a: Smiting, Renounce Religion


You were on level 5 of the Dungeon.
You worshipped Beogh.
Beogh was pleased with you.
You were not hungry.

You visited 1 branch of the dungeon, and saw 5 of its levels.
You also visited: Sewer.

You collected 233 gold pieces.

Inventory:

Hand Weapons
 a - a +0 hand axe (weapon)
Missiles
 h - 8 curare-tipped needles
Armour
 e - a +2 helmet (worn)
 f - a +3 ring mail of cold resistance
 r - a +0 troll leather armour (worn) {Purgy}
 w - a +0 large shield
Jewellery
 j - a ring of protection from magic (left hand)
Scrolls
 b - 2 scrolls of remove curse
 d - a scroll of magic mapping
 k - a scroll of recharging
 m - a scroll of enchant armour {unknown}
 q - a scroll of random uselessness {unknown}
 s - 4 scrolls of amnesia {unknown}
 t - a scroll of immolation {unknown}
 x - a scroll of enchant weapon {unknown}
 y - a scroll of teleportation {unknown}
Potions
 l - a potion of heal wounds
 n - 2 potions of flight
 o - a potion of degeneration {unknown}
 p - a potion of cure mutation {unknown}
 v - a potion of invisibility {unknown}
Comestibles
 c - 8 bread rations
 g - 2 meat rations
 i - 2 slices of pizza


   Skills:
 - Level 3.6 Fighting
 + Level 11.5 Axes
 - Level 2.4 Dodging
 - Level 1.5 Stealth
 + Level 5.9 Invocations


You had 7 spell levels left.
You didn't know any spells.

Dungeon Overview and Level Annotations

Branches:
Dungeon (5/15)
 Temple: D:4-7

Altars:
Fedhas
Ru

Annotations:
D:5 Ezendos's ghost, novice HuSk


Message History

a ring mail; a mace of holy wrath You feel a little less agile now.
Things that are here:
a whip of venom; a club; a flail of protection You closely miss Ezendos's ghost.
Ezendos's ghost is lightly damaged.
Ezendos's ghost closely misses you.
You completely miss Ezendos's ghost.
Ezendos's ghost is lightly damaged.
Ezendos's ghost gestures at you while chanting.
You are frozen.
* * * LOW HITPOINT WARNING * * *
You closely miss Ezendos's ghost.
Ezendos's ghost is lightly damaged.
You closely miss Ezendos's ghost.
Ezendos's ghost is lightly damaged.
Ezendos's ghost hits you!
* * * LOW HITPOINT WARNING * * *
Ezendos's ghost hits you!
You die...

#.....##. ...# #........### ...#
#.....###..# ...#
###########..........# ###.##
#.........#.....####.# #.....
#...............# #.#####.....
###.........#.....####.....#.....
............#.....S.)......).#.#.
................@W####[...<###...
............###.### #...### ##.#
............# #.# #...######.#
.....#..#...###.# ##........#..
...#.....##...#.# ##<....###.#..
######......#...# ##..#...# #..
....# ##..###..#...##...#.. .#
#.##...#..##..?...# #..
................######.#


You could see Ezendos's ghost and an adder.

Vanquished Creatures
  Duvessa (D:4)
  Purgy (D:3)
  An ice beast (D:3)
  A big kobold (Sewer)
  Dowan (D:4)
  3 scorpions (D:4)
  A howler monkey (D:4)
  A crimson imp (D:5)
  A hound (D:5)
  A centaur zombie (D:5)
  An orc wizard (D:3)
  2 iguanas
  Jessica (D:3)
  Terence (D:3)
  3 worker ants
  A hound skeleton (D:5)
  10 adders
  5 gnolls
  An adder zombie (D:5)
  3 worms
  3 dart slugs
  5 leopard geckos
  9 orcs
  A ball python (D:2)
  A giant cockroach (D:2)
  4 goblins
  4 hobgoblins
  9 jackals
  6 bats
  4 frilled lizards
  11 kobolds
  6 rats
103 creatures vanquished.

Vanquished Creatures (others)
  An orc priest (D:3)
  An orc (D:3)
2 creatures vanquished.

Grand Total: 105 creatures vanquished

Notes
Turn   | Place    | Note
-------+----------+-------------------------------------------
     0 | D:1      | dondy the Hill Orc Monk began the quest for the Orb.
     0 | D:1      | Reached XP level 1. HP: 19/19 MP: 1/1
   304 | D:1      | Reached XP level 2. HP: 26/26 MP: 2/2
   487 | D:1      | Reached skill level 5 in Axes
   794 | D:2      | Reached XP level 3. HP: 29/31 MP: 3/3
  1430 | D:2      | Reached skill level 6 in Axes
  1750 | D:3      | Noticed Terence
  1754 | D:3      | Reached XP level 4. HP: 39/39 MP: 4/4
  1784 | D:3      | Killed Terence
  1792 | D:3      | You fall through a shaft for 2 floors!
  1792 | D:5      | Entered Level 5 of the Dungeon
  1792 | D:5      | Noticed an ice beast
  1808 | D:5      | Reached skill level 7 in Axes
  1874 | D:3      | Noticed Purgy
  2189 | D:3      | Found a glowing drain.
  2193 | D:3      | Reached XP level 5. HP: 45/45 MP: 5/5
  2237 | Sewer    | Entered a sewer
  2507 | Sewer    | Noticed a big kobold
  2534 | Sewer    | Killed a big kobold
  2534 | Sewer    | Reached skill level 8 in Axes
  2534 | Sewer    | Reached XP level 6. HP: 42/51 MP: 6/6
  2594 | Sewer    | Found a white marble altar of Elyvilon.
  2767 | D:3      | Reached skill level 9 in Axes
  2832 | D:3      | Became a worshipper of Beogh the Brigand
  2832 | D:3      | Reached * piety under Beogh
  2832 | D:3      | Reached ** piety under Beogh
  2921 | D:3      | Killed Purgy
  2968 | D:3      | Noticed Jessica
  2986 | D:3      | Killed Jessica
  3170 | D:3      | Found a blossoming altar of Fedhas.
  3234 | D:3      | Reached skill level 10 in Axes
  3234 | D:3      | Reached XP level 7. HP: 53/57 MP: 7/7
  3369 | D:3      | Reached skill level 1 in Invocations
  3561 | D:4      | Noticed Dowan
  3946 | D:4      | Noticed Duvessa
  4005 | D:4      | Killed Duvessa
  4093 | D:4      | Found a sacrificial altar of Ru.
  4343 | D:4      | Killed Dowan
  4392 | D:4      | Reached skill level 11 in Axes
  4392 | D:4      | Reached XP level 8. HP: 59/64 MP: 11/11
  4439 | D:5      | Reached skill level 5 in Invocations
  4568 | D:5      | Noticed Ezendos's ghost (novice HuSk)
  4859 | D:5      | Slain by Ezendos's ghost

Vault maps used:
D:1:      lemuel_arrival_cross
D:3:      gup_sewer_entry_glass, fedhas_altar_4, uniq_purgy, uniq_jessica,
          uniq_terence
D:4:      nicolae_ru_path_of_blood, uniq_duvessa
D:5:      first_bread, serial_bayou, serial_bayou_ford_a, serial_bayou_shore_a,
          serial_bayou_shore_b, serial_bayou_pond_d
Sewer:    sewer_kobolds

Skill      XL: |  1  2  3  4  5  6  7  8 |
---------------+-------------------------+-----
Axes           | 5 6 7 8 10 11 | 11.5
Invocations    | 4 5 |  5.9
Fighting       | |  3.6
Dodging        | |  2.4
Stealth        | |  1.5

Action                   |  1- 3 |  4- 6 |  7- 9 || total
-------------------------+-------+-------+-------++-------
Melee: Hand axe          |   131 |   216 |   256 ||   603
Invok: Smiting           |       |     2 |       ||     2
       Convert to Beogh  |       |     1 |       ||     1
  Use: Potion            |       |     1 |     2 ||     3
       Scroll            |       |     3 |     2 ||     5
 Stab: Sleeping          |     1 |       |     2 ||     3
       Distracted        |     1 |       |       ||     1
  Eat: Chunk             |     3 |     5 |     5 ||    13
Armor: Robe              |     6 |       |       ||     6
       Ring mail         |     9 |       |       ||     9
       Chain mail        |    44 |   138 |       ||   182
       Troll leather arm |       |     8 |    56 ||    64
Dodge: Dodged            |    55 |    90 |   118 ||   263
